 Seeded DCSS version 0.27.1 (webtiles) character file.

Game seed: 8893020885526710985 (custom seed)

77 voltaire321 the Skirmisher (level 4, -1/41 HPs)
             Began as a Hill Orc Fighter on Aug 30, 2021.
             Succumbed to a gnoll's poison
             ... on level 2 of the Dungeon.
             The game lasted 00:05:12 (1702 turns).

voltaire321 the Skirmisher (Hill Orc Fighter)       Turns: 1702, Time: 00:05:12

Health: -1/41      AC:  7    Str: 18    XL:     4   Next: 33%
Magic:  4/4        EV:  7    Int:  8    God:
Gold:   72         SH: 11    Dex: 11    Spells: 3/3 levels left

rFire    . . .     SeeInvis .   a - +0 war axe
rCold    . . .     Faith    .   m - +2 kite shield
rNeg     . . .     Spirit   .   b - +0 scale mail
rPois    .         Reflect  .   (no helmet)
rElec    .         Harm     .   (no cloak)
rCorr    .         Rampage  .   (no gloves)
Will     .....                  (no boots)
Stlth    ..........             (no amulet)
HPRegen  0.13/turn              (no ring)
MPRegen  0.09/turn              (no ring)

@: lethally poisoned (-1 -> -27)
A: no striking features
a: no special abilities


You were on level 2 of the Dungeon.
You visited 1 branch of the dungeon, and saw 2 of its levels.

You collected 72 gold pieces.

Inventory:

Hand Weapons
 a - a +0 war axe (weapon)
Armour
 b - a +0 scale mail (worn)
 m - a +2 kite shield (worn)
Scrolls
 f - a scroll of immolation {unknown}
 g - 2 scrolls of magic mapping {unknown}
 j - a scroll of amnesia {unknown}
 k - a scroll of identify {unknown}
Potions
 d - a potion of might
 e - a potion of curing {unknown}
 h - 2 potions of heal wounds
 i - a potion of resistance {unknown}
 l - a potion of flight {unknown}


   Skills:
 + Level 4.4 Fighting
 + Level 3.7 Axes
 + Level 3.9 Armour
 + Level 3.9 Shields


You had 3 spell levels left.
You didn't know any spells.
Your spell library contained the following spells:

 Spells                   Type           Power      Damage    Failure   Level
 Animate Skeleton         Necr           0%         N/A       99%         1
 Pain                     Necr           0%         1d4       99%         1
 Vampiric Draining        Necr           0%         2d6       100%        3


Dungeon Overview and Level Annotations

Branches:
Dungeon (2/15)

Altars:
Uskayaw


Message History

You barely miss the kobold.
The kobold hits you with a +2 short sword of speed. x2
You block the kobold's attack.
You slash the kobold!
You kill the kobold!
You block the hobgoblin's attack.
You barely miss the hobgoblin. The hobgoblin barely misses you.
You hit the hobgoblin.
The hobgoblin is almost dead.
The hobgoblin hits you but does no damage.
You block the hobgoblin's attack.
You hit the hobgoblin.
You kill the hobgoblin!
Things that are here:
a +2 short sword of speed; a hobgoblin corpse You start resting.
A gnoll comes into view. It is wielding a +2 spear of venom.
A gnoll is nearby!
The gnoll hits you from afar with a +2 spear of venom!
You are poisoned.
You feel very sick.
The gnoll hits you with a +2 spear of venom.
You are more poisoned.
You closely miss the gnoll.
You feel extremely sick. You block the gnoll's attack.
You closely miss the gnoll.
You feel very sick. You block the gnoll's attack. x2
You closely miss the gnoll.
You feel very sick. The gnoll hits you but does no damage.
You hit the gnoll but do no damage.
You feel sick.
The gnoll hits you with a +2 spear of venom.
* * * LOW HITPOINT WARNING * * *
You are lethally poisoned!
The gnoll hits you but does no damage.
You are more poisoned.
You closely miss the gnoll.
You die...

# #.#..≈≈≈≈≈ #.#.≈≈≈≈≈≈
##...≈≈≈.≈≈ #........≈≈
#.#......# ### #.#.######
#^# #)#.# #.# #.#.# #.#
#@#.# ##.## #g#.# ##.#.##
..#.# #.###.. ####.#
##.#.#. #<# ##.##. #####.##
###.# #....<.# ######.##
.#######.###..#####.....##
....................####.##


You could see a gnoll.

Vanquished Creatures
  A gnoll (D:1)
  3 adders
  A worm (D:2)
  A dart slug (D:1)
  A ball python (D:2)
  6 bats
  2 endoplasms (D:2)
  3 hobgoblins
  3 jackals (D:1)
  2 quokkas
  2 frilled lizards
  A goblin (D:1)
  6 kobolds
  2 rats (D:1)
34 creatures vanquished.

Notes
Turn   | Place    | Note
-------+----------+-------------------------------------------
     0 | D:1      | voltaire321 the Hill Orc Fighter began the quest for the
                  | Orb.
     0 | D:1      | Reached XP level 1. HP: 19/19 MP: 1/1
    87 | D:1      | Reached XP level 2. HP: 15/27 MP: 2/2
   330 | D:1      | Reached skill level 4 in Fighting
   448 | D:1      | Reached XP level 3. HP: 31/33 MP: 3/3
   995 | D:2      | HP: 1/33 [poisoned by an adder]
  1004 | D:1      | Reached XP level 4. HP: 22/40 MP: 4/4
  1190 | D:2      | Found a hide-covered altar of Uskayaw.
  1623 | D:2      | Found a faded altar of an unknown god.
  1702 | D:2      | Succumbed to a gnoll's poison

Illustrated notes

Levels and vault maps discovered:
D:1:      tarquinn_simple_flora_water_b, layout_loops_ring, hex_medium
D:2:      layout_loops_ring, basic_altar, chequers_ecumenical_altar_island

Skill      XL: |  1  2 |
---------------+-------+-----
Axes           | 3 |  3.7
Fighting       | 4 |  4.4
Armour         | |  3.9
Shields        | |  3.9

Action                   |  1- 3 |  4- 6 || total
-------------------------+-------+-------++-------
Melee: War axe           |    74 |    42 ||   116
  Use: Potion            |     1 |       ||     1
Armor: Scale mail        |    40 |    22 ||    62
Dodge: Dodged            |    39 |     6 ||    45
Block: Kite shield       |    44 |    36 ||    80
